 Dungeon Crawl Stone Soup version 0.28-b1-1-g3c77fb2ed1 (webtiles) character file.

Game seed: 12246671944500095318

104 pkoi the Slasher (level 4, -8/37 HPs)
             Began as a Minotaur Gladiator on Jan 29, 2022.
             Mangled by a gnoll (13 damage)
             ... on level 3 of the Dungeon.
             The game lasted 00:01:57 (1711 turns).

pkoi the Slasher (Minotaur Gladiator)               Turns: 1711, Time: 00:01:58

Health: -8/37      AC:  3    Str: 19 (21) XL:     4   Next: 52%
Magic:  3/3        EV: 12    Int:  5      God:
Gold:   58         SH:  0    Dex:  8 (11) Spells: 3/3 levels left

rFire   . . .      SeeInvis .   h - +1 long sword (vorpal)
rCold   . . .      Faith    .   (no shield)
rNeg    . . .      Spirit   .   b - +0 leather armour
rPois   .          Reflect  .   c - +0 hat
rElec   .          Harm     .   (no cloak)
rCorr   .          Rampage  .   (no gloves)
Will    .....                   (no boots)
Stlth   +.........              (no amulet)
HPRegen 0.12/turn               (no ring)
MPRegen 0.08/turn               (no ring)

@: no status effects
A: horns 2, retaliatory headbutt
a: no special abilities


You were on level 3 of the Dungeon.
You visited 1 branch of the dungeon, and saw 3 of its levels.

You collected 58 gold pieces.

Inventory:

Hand Weapons
 a - a +0 long sword
 h - a +1 vorpal long sword (weapon)
Missiles
 d - 3 throwing nets (quivered)
Armour
 b - a +0 leather armour (worn)
 c - a +0 hat (worn)
Jewellery
 i - a ring of ice
Wands
 f - a wand of polymorph (7)
Potions
 e - a potion of cancellation


   Skills:
 + Level 2.5 Fighting
 + Level 6.3 Long Blades
 - Level 2.0 Throwing
 + Level 0.3 Armour
 + Level 3.3 Dodging
 + Level 0.2 Evocations


You had 3 spell levels left.
You didn't know any spells.
Your spell library was empty.

Dungeon Overview and Level Annotations

Branches:
Dungeon (3/15)

Altars:


Innate Abilities, Weirdness & Mutations

You have a pair of horns on your head.
You reflexively headbutt those who attack you in melee.


Message History

You aren't carrying any scrolls.
A worm comes into view.
Okay, then.
You slash the worm!
You kill the worm!
You see here a worm corpse.
Aiming: Polymorph
Press: ? - help, Shift-Dir - straight line, f - gnoll sergeant
Aim: a gnoll sergeant, wielding a +1 trident of protection and wearing a +0 scale mail (will become a killer bee, a wolf, or a steam dragon, chance to affect: 49%)
The gnoll sergeant evaporates and reforms as a steam dragon!
Unknown command.
The steam dragon breathes steam at you. The ball of steam misses you.
You hear an angry hiss.
You hear a shout!
A goblin comes into view. It is wielding a +0 dagger.
The gnoll misses you.
You slash the steam dragon!
The steam dragon is heavily wounded.
The gnoll hits you from afar with a +4 halberd!
The steam dragon bites you! The steam dragon closely misses you.
The gnoll is engulfed in a cloud of scalding steam.
The gnoll closely misses you.
You barely miss the steam dragon.
The steam dragon is heavily wounded.
The steam dragon misses you. x2; The gnoll misses you.
You closely miss the steam dragon. Your headbutt misses the steam dragon.
The steam dragon is heavily wounded.
The steam dragon barely misses you. The steam dragon claws you.
The gnoll misses you.
Unknown command.
You hit the steam dragon. You headbutt the steam dragon!
The steam dragon is almost dead.
The steam dragon barely misses you. x2
The gnoll hits you from afar with a +4 halberd!
* * * LOW HITPOINT WARNING * * *
Unknown command.
You slash the steam dragon!
You kill the steam dragon!
The gnoll hits you from afar with a +4 halberd!
You die...

###.# #..+
##.#.#<..####.##
..............)..
.##.#.....#.##.##
...........##.#
#############........##
#.gD§.†.......##..#....
#.####g####.#.......###
#.# #@# #.#..<..#....
#.# +.+ #.#.###.#..).
#.####g##+#.#...#.#....
#.....g.....#.#.#.#....
#.####[##+#.#.....+....
#.# #.# #.#.#.#.#....
#.# '.+ #.#.#...#.###
#.#+##.####.#.#.#.#.
#$.....g.)..#.#†..#


You could see 2 gnolls and a goblin.

Vanquished Creatures
  A steam dragon (D:3)
  An iguana (D:2)
  A gnoll (D:3)
  2 adders
  A worm (D:3)
  2 dart slugs (D:1)
  2 bats
  7 endoplasms
  3 giant cockroaches
  3 goblins
  2 hobgoblins
  A jackal (D:3)
  2 quokkas (D:1)
  3 ball pythons
  A frilled lizard (D:1)
  6 kobolds
  4 rats
42 creatures vanquished.

Notes
Turn   | Place    | Note
-------+----------+-------------------------------------------
     0 | D:1      | pkoi the Minotaur Gladiator began the quest for the Orb.
     0 | D:1      | Reached XP level 1. HP: 18/18 MP: 0/0
    89 | D:1      | Reached skill level 4 in Long Blades
   162 | D:1      | Reached XP level 2. HP: 9/25 MP: 1/1
   843 | D:2      | Reached skill level 5 in Long Blades
   843 | D:2      | Reached XP level 3. HP: 6/30 MP: 2/2
  1240 | D:2      | Reached skill level 6 in Long Blades
  1240 | D:2      | Reached XP level 4. HP: 31/37 MP: 3/3
  1663 | D:3      | Noticed a gnoll sergeant
  1702 | D:3      | Noticed a steam dragon
  1702 | D:3      | a gnoll sergeant changed into a steam dragon
  1711 | D:3      | Killed a steam dragon
  1711 | D:3      | Mangled by a gnoll

Illustrated notes

Levels and vault maps discovered:
D:1:      dpeg_arrival_stonehenge_8_columns, layout_rooms, minmay_door_square,
          serial_bayou_lagoon_a
D:2:      layout_rooms, amcnicky_mini_pool_small, corner_web_ring,
          chequers_serial_rivers_micro_a
D:3:      minmay_door_path, layout_basic, cheibrodos_sewer_entry_drain,
          chequers_ecumenical_altar_simple, kennysheep_potato

Skill      XL: |  1  2  3 |
---------------+----------+-----
Long Blades    | 4 5 6 |  6.3
Fighting       | |  2.5
Throwing       | |  2.0
Armour         | |  0.3
Dodging        | |  3.3
Evocations     | |  0.2

Action                   |  1- 3 |  4- 6 || total
-------------------------+-------+-------++-------
Melee: Long sword        |    66 |    22 ||    88
       Headbutt          |     5 |     3 ||     8
       Punch             |       |     1 ||     1
Evoke: Wand              |       |     1 ||     1
  Use: Scroll            |       |     1 ||     1
       Potion            |       |     1 ||     1
Armor: Leather armour    |    14 |     2 ||    16
Dodge: Dodged            |    52 |    25 ||    77
